 Dungeon Crawl Stone Soup version 0.28-a0-938-gbc3f381ebc (webtiles) character file.

Game seed: 2264484459551295263

49 siradein the Skirmisher (level 3, -2/29 HPs)
             Began as a Demonspawn Fighter on Nov 29, 2021.
             Slain by a kobold (3 damage)
             ... on level 3 of the Dungeon.
             The game lasted 00:04:51 (1914 turns).

siradein the Skirmisher (Demonspawn Fighter)        Turns: 1914, Time: 00:04:52

Health: -2/29      AC:  7    Str: 17    XL:     3   Next: 51%
Magic:  3/3        EV:  9    Int:  9    God:
Gold:   79         SH:  0    Dex: 12    Spells: 2/2 levels left

rFire   . . .      SeeInvis .   (no weapon)
rCold   . . .      Faith    .   (no shield)
rNeg    . . .      Spirit   .   b - +0 scale mail
rPois   .          Reflect  .   (helmet restricted)
rElec   .          Harm     .   (no cloak)
rCorr   .          Rampage  .   (no gloves)
Will    .....                   j - +0 pair of boots
Stlth   ..........              (no amulet)
HPRegen 0.09/turn               (no ring)
MPRegen 0.08/turn               (no ring)

@: no status effects
A: antennae 1, demonic touch 1
a: no special abilities


You were on level 3 of the Dungeon.
You visited 1 branch of the dungeon, and saw 3 of its levels.

You collected 79 gold pieces.

Inventory:

Missiles
 g - 4 javelins (quivered)
Armour
 b - a +0 scale mail (worn)
 j - a +0 pair of boots (worn)
Scrolls
 f - a scroll of identify {unknown}
 i - a scroll of teleportation {unknown}
 l - a scroll of magic mapping {unknown}
Potions
 d - 2 potions of might
 e - 2 potions of flight {unknown}
 k - a potion of heal wounds {unknown}


   Skills:
 + Level 3.4 Fighting
 - Level 2.2 Maces & Flails
 + Level 3.1 Armour
 + Level 0.3 Dodging
 - Level 3.0 Shields
 + Level 0.3 Unarmed Combat


You had 2 spell levels left.
You didn't know any spells.
Your spell library was empty.

Dungeon Overview and Level Annotations

Branches:
Dungeon (3/15)

Altars:

Shops:
D:3 (


Innate Abilities, Weirdness & Mutations

You have a pair of small antennae on your head.
Your touch may inflict minor irresistible damage on your foes.


Message History

You kill the adder!
The orc hits you with a +0 hand axe.
You hit the orc. Your touch misses the orc.
The orc is heavily wounded.
The orc hits you but does no damage. The kobold hits you but does no damage.
You barely miss the orc.
The orc is heavily wounded.
The orc barely misses you. The kobold hits you with a +0 club.
You hit the orc.
The orc is heavily wounded.
The orc barely misses you. The kobold hits you but does no damage.
You hit the orc.
You kill the orc!
The kobold hits you with a +0 club.
You are too injured to fight recklessly!
You are too injured to fight recklessly!
You are too injured to fight recklessly!
You are too injured to fight recklessly!
You are too injured to fight recklessly!
You are too injured to fight recklessly!
You barely miss the kobold.
The kobold hits you with a +0 short sword.
* * * LOW HITPOINT WARNING * * *
The kobold barely misses you.
You hit the kobold but do no damage.
The kobold hits you but does no damage. x2
You closely miss the kobold. The kobold hits you but does no damage.
The kobold hits you with a +0 club.
* * * LOW HITPOINT WARNING * * *
You hit the kobold but do no damage. The kobold hits you but does no damage.
The kobold barely misses you.
You hit the kobold.
The kobold is heavily wounded.
The kobold hits you with a +0 short sword.
* * * LOW HITPOINT WARNING * * *
The kobold hits you with a +0 club.
* * * LOW HITPOINT WARNING * * *
You closely miss the kobold.
The kobold is heavily wounded.
The kobold hits you but does no damage. The kobold hits you with a +0 club.
You die...

#.......#
.######.#...#.#
........#...#.#
.######.#.#.#.##
#........#
#........# ###### #
##.......# .....#
....#..#†##.##.....#
............K@.!...#
....#.##.##.##K....#
...##.##.##...##...#
### #....#...).# ###
####.........
#..!.∩...##
#..†.......
###.....#..


You could see 2 kobolds.

Vanquished Creatures
  2 adders
  A worm (D:2)
  A dart slug (D:1)
  An orc (D:3)
  3 ball pythons
  4 bats
  3 endoplasms (D:2)
  2 giant cockroaches (D:2)
  2 hobgoblins (D:1)
  2 jackals (D:1)
  A quokka (D:3)
  2 kobolds (D:1)
24 creatures vanquished.

Notes
Turn   | Place    | Note
-------+----------+-------------------------------------------
     0 | D:1      | siradein the Demonspawn Fighter began the quest for the
                  | Orb.
     0 | D:1      | Reached XP level 1. HP: 18/18 MP: 1/1
   271 | D:1      | Discovered your monstrous ancestry.
   271 | D:1      | Gained mutation: You have a pair of small antennae on your
                  | head. [demonic ancestry]
   271 | D:1      | Reached XP level 2. HP: 22/24 MP: 2/2
  1116 | D:2      | Gained mutation: Your touch may inflict minor irresistible
                  | damage on your foes. [demonic ancestry]
  1116 | D:2      | Reached XP level 3. HP: 29/29 MP: 3/3
  1622 | D:2      | Found a faded altar of an unknown god.
  1893 | D:3      | Found Xoupelas's Weapon Shoppe.
  1913 | D:3      | HP: 1/29 [kobold (2)]
  1914 | D:3      | Slain by a kobold

Illustrated notes

Levels and vault maps discovered:
D:1:      beargit_arrival_greenhouse, layout_loops_corners, st_stairs_5,
          amethyst_killhole
D:2:      layout_basic, chequers_ecumenical_altar_twisty
D:3:      layout_loops_cross, cheibrodos_sewer_entry_drain, serial_shops,
          nicolae_shop_bloodbath_and_beyond, gammafunk_ghost_necromancy,
          uniq_sigmund

Skill      XL: |  1  2 |
---------------+-------+-----
Maces & Flails | 2 |  2.2
Shields        | 3 |  3.0
Armour         | 3 |  3.1
Fighting       | |  3.4
Dodging        | |  0.3
Unarmed Combat | |  0.3

Action                   || total
-------------------------++-------
Melee: Flail             ||    71
       Unarmed           ||    55
       Touch             ||     8
Armor: Scale mail        ||    84
Dodge: Dodged            ||    88
Block: Buckler           ||    24

Table legend: (Time is in decaauts)
 A = Elapsed time spent in this place.
 B = Non-inter-level travel time spent in this place.
 C = Inter-level travel time spent in this place.
 D = Time resting spent in this place.
 E = Time spent auto-exploring this place.
 F = Levels seen in this place.
 G = Mean time per level.
                   A        B        C        D        E       F      G
               +--------+--------+--------+--------+--------+-----+--------+
         Total |   1936 |   1882 |     54 |      2 |   1540 |   3 |  645.3 |
       Dungeon |   1936 |   1882 |     54 |      2 |   1540 |   3 |  645.3 |
               +--------+--------+--------+--------+--------+-----+--------+

Top non-repeatable levels by time:
     D:2: 944 daAuts
     D:1: 919 daAuts
     D:3: 72 daAuts
